 Dungeon Crawl Stone Soup version 0.31-a0-1-g4198be8af4 (webtiles) character file.

Game seed: 16567215819044650387

4001 lorenzova the Thaumaturge (level 10, -1/50 HPs)
             Began as a Deep Elf Conjurer on Apr 30, 2023.
             Was an Initiate of Vehumet.
             Slain by a centaur warrior
             ... wielding a +5 short sword of speed
              (12 damage)
             ... on level 8 of the Dungeon.
             The game lasted 00:25:32 (12895 turns).

lorenzova the Thaumaturge (Deep Elf Conjurer)      Turns: 12895, Time: 00:25:32

Health: -1/50      AC:  3    Str:  4    XL:     10   Next: 3%
Magic:  17/29      EV: 12    Int: 28    God:    Vehumet [......]
Gold:   590        SH:  0    Dex: 13    Spells: 24/35 levels left

rFire   . . .        C - +9 trident "Ithyvim" {venom, Will+}
rCold   . . .        (no shield)
rNeg    . . .        a - +0 robe
rPois   .            (no helmet)
rElec   .            v - +0 cloak
rCorr   .            (no gloves)
SInv    .            (no boots)
Will    ++...        (no amulet)
Stlth   ++           (no ring)
HPRegen 0.28/turn    (no ring)
MPRegen 0.21/turn

%: no passive effects
@: no status effects
A: no striking features
a: Renounce Religion


You were on level 8 of the Dungeon.
You worshipped Vehumet.
Vehumet was noncommittal.
You visited 2 branches of the dungeon, and saw 9 of its levels.

You collected 602 gold pieces.
You spent 12 gold pieces at shops.

Inventory:

Hand Weapons
 j - a +1 dagger of electrocution
 C - the +9 trident "Ithyvim" (weapon) {venom, Will+}
   (You found it on level 6 of the Dungeon)

   Will:      It increases your willpower.
Armour
 a - a +0 robe (worn)
 v - a +0 cloak (worn)
 y - a +1 leather armour of fire resistance
 D - a +2 robe of cold resistance
Magical Staves
 k - a staff of poison
Wands
 z - a wand of paralysis (14)
Scrolls
 c - 2 scrolls of amnesia
 e - 3 scrolls of enchant weapon
 f - 2 scrolls of blinking
 g - 2 scrolls of enchant armour
 i - 9 scrolls of teleportation
 p - 2 scrolls of poison
 u - 3 scrolls of noise
 w - a scroll of torment {unknown}
 x - 3 scrolls of immolation
 A - a scroll of silence {unknown}
 B - a scroll of summoning {unknown}
Potions
 b - a potion of magic
 d - 3 potions of flight
 h - 4 potions of attraction
 l - 4 potions of heal wounds
 m - 3 potions of curing
 n - 3 potions of lignification {unknown}
 o - 2 potions of brilliance {unknown}
 q - a potion of ambrosia {unknown}
 s - a potion of invisibility {unknown}
 t - a potion of haste {unknown}


   Skills:
 - Level 2.4 Dodging
 - Level 2.4 Stealth
 * Level 13.1 Spellcasting
 * Level 11.6 Conjurations
 + Level 3.0 Hexes
 + Level 2.5 Translocations


You had 24 spell levels left.
You knew the following spells:

 Your Spells              Type           Power      Damage    Failure   Level
a - Magic Dart            Conj           100%       1d8       1%          1
b - Searing Ray           Conj           100%       2d8       1%          2
c - Iskenderun's Mystic   Conj/Tloc      55%        2d12      1%          4
d - Fulminant Prism       Conj/Hex       28%        3d14      1%          4

Your spell library contained the following spells:

 Spells                   Type           Power      Damage    Failure   Level
 Dazzling Flash           Conj/Hex       100%       N/A       1%          3
 Silence                  Hex/Air        13%        N/A       41%         5
 Agony                    Necr           18%        N/A       63%         5


Dungeon Overview and Level Annotations

Branches:
Dungeon (8/15)             Temple (1/1) D:7
   Lair: D:8-11

Altars:
Ashenzari
Cheibriados
Elyvilon
Fedhas
Gozag
Hepliaklqana
Kikubaaqudgha
Makhleb
Nemelex Xobeh
Okawaru
Qazlal
Ru
Sif Muna
Trog
Vehumet
Xom
Yredelemnul
The Shining One

Shops:
D:5 *   D:8 *

Annotations:
D:3 exclusion: 2 downstairs
D:5 exclusion: downstairs


Message History

Magic restored.
You start resting.
A centaur warrior is nearby!
You start resting.
A centaur warrior is nearby!
Casting: Iskenderun's Mystic Blast (dangerous; 1% risk of failure)
Confirm with . or Enter, or press ? or * to list all spells.
You erupt in a blast of force!
The mystic blast hits the centaur warrior!
The centaur warrior is moderately wounded.
The centaur warrior shouts!
The centaur warrior unwields a +5 short sword of speed.
The centaur warrior wields a +0 longbow.
The centaur warrior shoots an arrow.
The arrow barely misses you.
The centaur warrior shoots an arrow.
The arrow hits you!
The centaur warrior unwields a +0 longbow.
The centaur warrior wields a +5 short sword of speed.
The centaur warrior hits you with a +5 short sword of speed!
The centaur warrior barely misses you.
Casting: Iskenderun's Mystic Blast (dangerous; 1% risk of failure)
Confirm with . or Enter, or press ? or * to list all spells.
You erupt in a blast of force!
The mystic blast hits the centaur warrior.
The centaur warrior is moderately wounded.
The centaur warrior is knocked back by the mystic blast.
The centaur warrior slams into the tree!
The centaur warrior is heavily wounded.
The centaur warrior hits you with a +5 short sword of speed!
* * * LOW HITPOINT WARNING * * *
The centaur warrior kicks you but does no damage.
Casting: Iskenderun's Mystic Blast (dangerous; 1% risk of failure)
Confirm with . or Enter, or press ? or * to list all spells.
You erupt in a blast of force!
The mystic blast hits the centaur warrior!
The centaur warrior is severely wounded.
The centaur warrior is knocked back by the mystic blast.
The centaur warrior slams into the tree!
The centaur warrior is severely wounded.
The centaur warrior hits you with a +5 short sword of speed!
You die...

#...# #..#.♣♣♣♣# #.#<##
##..#.....#
#....###...#♣♣♣♣.# .~
#........))#.....#♣♣..~≈
#....)####...♣♣♣.....~≈~
#...#.####.#.....#♣♣..~≈
###...##...#♣♣♣♣†# .~
#∩...∩#...#c....#
#.....#...#@♣♣♣♣#
#∩.⌠.∩#...#.....#
#.....#...#♣♣♣♣.#
#∩...∩#...# ♣...#
##...##...# #####
##########


You could see a centaur warrior.

Vanquished Creatures
  Pikel (D:6)
  Grinder (D:6)
  A steam dragon (D:7)
  An acid dragon (D:8)
  2 water moccasins
  3 ice beasts
  3 sky beasts (D:7)
  2 ogres
  A centaur (D:5)
  4 phantoms
  2 kobold brigands
  Blork the orc (D:6)
  5 bullfrogs
  A gnoll sergeant (D:6)
  3 scorpions
  5 quasits (D:6)
  A jelly (D:5)
  A gnoll bouda (D:6)
  An orc priest (D:7)
  6 hounds
  Terence (D:2)
  An orc wizard (D:7)
  Natasha (thrice) (D:2)
  5 iguanas
  7 gnolls (D:6)
  9 adders
  9 shadow imps (D:6)
  7 white imps
  3 ufetubi (D:6)
  7 worms
  2 dart slugs
  10 orcs
  5 ball pythons
  5 bats
  2 bat zombies (D:3)
  5 endoplasms
  3 giant cockroaches
  11 hobgoblins
  3 jackals (D:4)
  31 kobolds
  5 quokkas
  6 goblins
  3 rats
  4 rat zombies (D:3)
192 creatures vanquished.

Vanquished Creatures (others)
  9 demonic plants (D:6)
  3 fulminant prisms
  60 plants
72 creatures vanquished.

Grand Total: 264 creatures vanquished

Notes
Turn   | Place    | Note
-------+----------+-------------------------------------------
     0 | D:1      | lorenzova the Deep Elf Conjurer began the quest for the
                  | Orb.
     0 | D:1      | Reached XP level 1. HP: 10/10 MP: 6/6
   259 | D:1      | Reached XP level 2. HP: 15/15 MP: 4/8
   262 | D:1      | Learned a level 2 spell: Searing Ray
   343 | D:1      | Found a faded altar of an unknown god.
  1384 | D:2      | Reached skill level 4 in Spellcasting
  1433 | D:2      | Reached XP level 3. HP: 19/19 MP: 8/10
  1507 | D:2      | Reached skill level 5 in Conjurations
  1886 | D:2      | Noticed Terence
  1902 | D:2      | Killed Terence
  2097 | D:2      | Noticed Natasha
  2104 | D:2      | Killed Natasha
  2105 | D:2      | Reached XP level 4. HP: 24/24 MP: 3/12
  2107 | D:2      | Noticed Natasha
  2110 | D:2      | Killed Natasha
  2111 | D:2      | Reached skill level 5 in Spellcasting
  2573 | D:2      | Noticed Natasha
  2577 | D:2      | Killed Natasha
  2578 | D:2      | Reached XP level 5. HP: 24/28 MP: 9/14
  4181 | D:3      | Reached skill level 6 in Spellcasting
  4375 | D:3      | Found an ancient bone altar of Kikubaaqudgha.
  4928 | D:4      | Noticed a water moccasin
  5303 | D:4      | Killed a water moccasin
  5304 | D:4      | Reached XP level 6. HP: 32/32 MP: 7/17
  5587 | D:4      | Reached skill level 7 in Spellcasting
  5594 | D:4      | Reached XP level 7. HP: 31/36 MP: 7/19
  6642 | D:5      | Entered Level 5 of the Dungeon
  6758 | D:5      | Reached skill level 8 in Spellcasting
  6885 | D:5      | Found Tiliyrch's Assorted Antiques.
  7520 | D:5      | Reached skill level 9 in Spellcasting
  7520 | D:5      | Reached XP level 8. HP: 41/41 MP: 16/23
  7867 | D:6      | Noticed Grinder
  8267 | D:6      | Noticed Pikel
  9311 | D:6      | Killed Pikel
  9312 | D:6      | Reached skill level 10 in Spellcasting
  9385 | D:6      | Killed Grinder
  9386 | D:6      | Reached skill level 11 in Spellcasting
  9386 | D:6      | Reached skill level 10 in Conjurations
  9465 | D:6      | Reached XP level 9. HP: 45/45 MP: 22/26
  9588 | D:6      | Learned a level 4 spell: Iskenderun's Mystic Blast
  9593 | D:6      | Learned a level 4 spell: Fulminant Prism
  9933 | D:6      | Found a shimmering altar of Xom.
 10586 | D:6      | Identified the +9 trident "Ithyvim" {venom, Will+}
 10780 | D:6      | Reached skill level 12 in Spellcasting
 11099 | D:6      | Noticed Blork the orc
 11122 | D:6      | Killed Blork the orc
 11441 | D:7      | Reached skill level 1 in Hexes
 11441 | D:7      | Reached skill level 1 in Translocations
 11513 | D:7      | Found a staircase to the Ecumenical Temple.
 11927 | Temple   | Entered the Ecumenical Temple
 12027 | Temple   | Became a worshipper of Vehumet
 12431 | D:7      | Noticed a gargoyle
 12459 | D:7      | Reached skill level 13 in Spellcasting
 12613 | D:8      | Found Qorom's CLEARANCE SALE!.
 12657 | D:8      | Bought a scroll of teleportation for 12 gold pieces
 12673 | D:8      | Reached XP level 10. HP: 50/50 MP: 17/29
 12738 | D:8      | Identified the ring "Cedisol" {rPois rC+ Str+4 Int+3 Dex-5}
 12738 | D:8      | Noticed a centaur warrior
 12895 | D:8      | Slain by a centaur warrior

Illustrated notes

Levels and vault maps discovered:
D:1:      scummos_arrival_hexagon, layout_basic,
          dreamdust_ecumenical_altar_angels_and_demons, minmay_tromino_v4_a
D:2:      layout_loops_corners, chequers_arboretum, minmay_goblin_kobold_house,
          uniq_natasha, uniq_terence
D:3:      layout_loops_corners, lemuel_zombie_altar_kikubaaqudgha
D:4:      kennysheep_kobold_camp, layout_rooms, kennysheep_another_room,
          hangedman_abyss_or_decor_lesser_grid
D:5:      layout_cave_pools, serial_shops, nicolae_shop_rolling_square,
          nicolae_wormholes
D:6:      layout_basic, kennysheep_little_box, serial_demonic, serial_demonic_b,
          serial_demonic_a, serial_demonic_a, serial_demonic_g,
          serial_demonic_b, serial_demonic_e, serial_demonic_a,
          serial_demonic_d, serial_demonic_c, serial_demonic_f, minmay_circle_x,
          uniq_grinder, uniq_pikel, uniq_blork_the_orc
D:7:      layout_basic, minmay_temple_entry_grid, serial_rivers,
          chequers_serial_rivers_micro_d, chequers_serial_rivers_micro_a,
          chequers_serial_rivers_micro_b, chequers_serial_rivers_room_b,
          chequers_serial_rivers_marsh, minmay_three_doors
D:8:      nzn_winding_woodlands_cross [nzn_winding_woodlands_5x15_zeroes,
          nzn_winding_woodlands_5x15_sidewinder,
          nzn_winding_woodlands_5x15_split_checker,
          nzn_winding_woodlands_5x15_concentric,
          nzn_winding_woodlands_15x15_eel_pit], layout_loops_cross,
          enter_bailey_5, nicolae_shop_clearance
Temple:   minmay_temple_bridge_d

Skill      XL: |  1  2  3  4  5  6  7  8  9 |
---------------+----------------------------+-----
Spellcasting   | 4 5 6 7 9 11 13 | 13.1
Conjurations   | 5 6 7 8 10 11 | 11.6
Hexes          | 3 |  3.0
Translocations | 2 |  2.5
Dodging        | |  2.4
Stealth        | |  2.4

Action                     |  1- 3 |  4- 6 |  7- 9 | 10-12 || total
---------------------------+-------+-------+-------+-------++-------
  Melee: Dagger            |       |       |     5 |       ||     5
         Trident           |       |       |     7 |     1 ||     8
   Cast: Magic Dart        |    59 |    79 |   155 |       ||   293
         Searing Ray       |     3 |    11 |    47 |       ||    61
         Iskenderun's Myst |       |       |    29 |     6 ||    35
         Fulminant Prism   |       |       |     3 |       ||     3
    Use: Scroll            |       |     6 |     6 |       ||    12
 Armour: Robe              |     2 |     1 |    10 |     2 ||    15
  Dodge: Dodged            |     3 |     7 |    42 |     3 ||    55

Table legend: (Time is in decaauts)
 A = Elapsed time spent in this place.
 B = Non-inter-level travel time spent in this place.
 C = Inter-level travel time spent in this place.
 D = Time resting spent in this place.
 E = Time spent auto-exploring this place.
 F = Levels seen in this place.
 G = Mean time per level.
                   A        B        C        D        E       F      G
               +--------+--------+--------+--------+--------+-----+--------+
         Total |  12916 |  12423 |    493 |   6760 |   4388 |   9 | 1435.1 |
       Dungeon |  12745 |  12350 |    395 |   6760 |   4326 |   8 | 1593.1 |
        Temple |    170 |     72 |     98 |      0 |     62 |   1 |  170.0 |
               +--------+--------+--------+--------+--------+-----+--------+

Top non-repeatable levels by time:
     D:6: 3524 daAuts
     D:2: 1895 daAuts
     D:3: 1725 daAuts
     D:4: 1705 daAuts
     D:5: 1518 daAuts
     D:1: 1382 daAuts
     D:7: 703 daAuts
     D:8: 290 daAuts
  Temple: 170 daAuts
